 Dungeon Crawl Stone Soup version 0.30-a0-634-g8abc85282e (webtiles) character file.

Game seed: 3328097539803385917

2297975 rigao the Conqueror (level 27, 199/199 HPs)
             Began as a Gargoyle Hunter on Jan 13, 2023.
             Was an Initiate of Gozag.
             Escaped with the Orb
             ... and 4 runes on Jan 14, 2023!
             The game lasted 02:25:00 (69900 turns).

rigao the Conqueror (Gargoyle Hunter)              Turns: 69900, Time: 02:25:01

Health: 199/199    AC: 54    Str: 25    XL:     27
Magic:  23/23      EV: 16    Int: 22    God:    Gozag
Gold:   1649       SH: 25    Dex: 16    Spells: 26/26 levels left

rFire   + + .      SeeInvis +    b - +9 eveningstar (drain)
rCold   + + +      Faith    .    v - +0 tower shield of Jashroko {rF+ Dex+4}
rNeg    + + .      Spirit   .    X - +6 chain mail {Will+}
rPois   ∞          Reflect  .    a - +3 crown of Dyrovepreva {rElec Int+2 SInv}
rElec   +          Harm     .    d - scarf {rC+ rF+}
rCorr   +          Rampage  .    A - +0 pair of gloves
Will    +++++      NoCast   +    T - +2 pair of boots of Inevitability {-Cast rPois Regen+ Dex+3} Stlth
                                 H - macabre finger necklace {Finger+ rN+}
HPRegen 1.33/turn                W - ring of Gluttony {rC+ Will++ Int+3 Dex-3}
MPRegen 0.18/turn                x - ring "Sidderch" {rC+ rCorr}
                                 k - +4 ring of slaying

@: flying
A: sickness immunity, AC +20, big wings, negative energy resistance 1,
electricity resistance, torment resistance 1, petrification resistance, antennae
1, clever 1, mutation resistance 1
0: Orb of Zot
}: 4/15 runes: serpentine, barnacled, slimy, silver
a: Renounce Religion, Potion Petition, Call Merchant, Bribe Branch


You escaped.
You worshipped Gozag.
Gozag was most pleased with you.
You visited 13 branches of the dungeon, and saw 55 of its levels.
You also visited: Gauntlet, Ice Cave and Wizlab.

You collected 29143 gold pieces.
You spent 13170 gold pieces at shops.
You paid 14324 gold pieces to Gozag.

Inventory:

Hand Weapons
 b - a +9 eveningstar of draining (weapon)
Missiles
 p - 4 throwing nets (quivered)
Armour
 a - the +3 crown of Dyrovepreva (worn) {rElec Int+2 SInv}
   (You bought it in a shop on level 2 of the Depths)

   Int:       It affects your intelligence (+2).
   rElec:     It insulates you from electricity.
   SInv:      It lets you see invisible.
 d - a scarf of resistance (worn)
 v - the +0 tower shield of Jashroko (worn) {rF+ Dex+4}
   (You bought it in a shop on level 2 of the Depths)

   Dex:       It affects your dexterity (+4).
   rF:        It protects you from fire.
 A - a +0 pair of gloves (worn)
 T - the +2 pair of boots of Inevitability (worn) {-Cast rPois Regen+ Dex+3}
   (You found it on level 3 of the Elven Halls)

   Dex:       It affects your dexterity (+3).
   rPois:     It protects you from poison.
   -Cast:     It prevents spellcasting.
   Regen:     It increases your rate of health regeneration.
 X - a +6 chain mail of willpower (worn)
Jewellery
 g - the ring of Kikubaaqudgha's Pride {rC- rN++ Will+ Int+4}
   (You found it on level 1 of the Lair of Beasts)

   [ring of willpower]

   Int:       It affects your intelligence (+4).
   rC:        It makes you vulnerable to cold.
   rN:        It greatly protects you from negative energy.
   Will:      It increases your willpower.
 k - a +4 ring of slaying (on amulet)
 m - the ring "Cijebb" {rC+ Will+ AC+4 Str+3 Dex+3 Slay-5}
   (You found it on level 4 of the Vaults)

   [ring of protection]

   AC:        It affects your AC (+4).
   Str:       It affects your strength (+3).
   Dex:       It affects your dexterity (+3).
   Slay:      It affects your accuracy & damage with ranged weapons and melee
   (-5).
   rC:        It protects you from cold.
   Will:      It increases your willpower.
 x - the ring "Sidderch" (right hand) {rC+ rCorr}
   (You found it on level 5 of the Vaults)

   [ring of protection from cold]

   rC:        It protects you from cold.
   rCorr:     It protects you from acid and corrosion.
 y - the ring "Hoffinen" {Ice Stlth+}
   (You took it off Josephina on level 1 of the Realm of Zot)

   [ring of ice]

   It enhances your ice magic.
   rF:        It makes you vulnerable to fire.
   rC:        It protects you from cold.
   Stlth:     It makes you more stealthy.
 G - a +6 ring of dexterity
 H - the macabre finger necklace (around neck) {Finger+ rN+}
   (You bought it in a shop on level 3 of the Elven Halls)

   [amulet of nothing]

   Finger+:   It enables you to equip an extra ring.
   rN:        It protects you from negative energy.
 L - a ring of protection from cold
 Q - the ring "Kafoxuit" {rPois rC+ Str-3 Dex+2 Slay+2}
   (You took it off a deep elf high priest on level 3 of the Elven Halls)

   [ring of poison resistance]

   Str:       It affects your strength (-3).
   Dex:       It affects your dexterity (+2).
   Slay:      It affects your accuracy & damage with ranged weapons and melee
   (+2).
   rC:        It protects you from cold.
   rPois:     It protects you from poison.
 W - the ring of Gluttony (left hand) {rC+ Will++ Int+3 Dex-3}
   (You acquired it on level 2 of the Depths)

   [ring of protection from cold]

   Int:       It affects your intelligence (+3).
   Dex:       It affects your dexterity (-3).
   rC:        It protects you from cold.
   Will:      It greatly increases your willpower.
 Z - a ring of see invisible
Wands
 t - a wand of digging (18)
 E - a wand of iceblast (30)
 J - a wand of flame (59)
 K - a wand of light (28)
 N - a wand of charming (50)
 V - a wand of polymorph (27)
Scrolls
 c - 11 scrolls of vulnerability
 e - 8 scrolls of fog
 f - 4 scrolls of immolation
 l - 18 scrolls of teleportation
 u - 6 scrolls of magic mapping
 C - 3 scrolls of silence
 M - 2 scrolls of summoning
 O - 14 scrolls of fear
 P - 4 scrolls of torment
 R - 2 scrolls of poison
 S - 6 scrolls of blinking
 U - 8 scrolls of amnesia
Potions
 h - 6 potions of might
 i - 20 potions of curing
 j - 8 potions of heal wounds
 n - 7 potions of mutation
 o - 13 potions of lignification
 q - 6 potions of magic
 r - 3 potions of resistance
 s - 5 potions of ambrosia
 w - 2 potions of haste
 z - 6 potions of berserk rage
 B - a potion of invisibility
 D - 6 potions of attraction
 F - 7 potions of brilliance
 I - 6 potions of cancellation


   Skills:
 O Level 27 Fighting
 - Level 20.0 Maces & Flails
 - Level 4.0 Ranged Weapons
 O Level 27 Armour
 + Level 13.3 Dodging
 - Level 1.1 Stealth
 O Level 27 Shields


You had 26 spell levels left.
You didn't know any spells.
Your spell library contained the following spells:

 Spells                   Type           Power      Damage    Failure   Level
 Apportation              Tloc           0%         N/A       36%         1
 Beastly Appendage        Tmut           0%         N/A       36%         1
 Magic Dart               Conj           0%         1d3       36%         1
 Necrotise                Necr           0%         1d4       36%         1
 Slow                     Hex            0%         N/A       36%         1
 Summon Small Mammal      Summ           0%         N/A       36%         1
 Call Imp                 Summ           0%         N/A       50%         2
 Ensorcelled Hibernation  Hex/Ice        0%         N/A       50%         2
 Momentum Strike          Conj/Tloc      0%         3d8       50%         2
 Passwall                 Tmut/Erth      0%         N/A       50%         2
 Poisonous Vapours        Pois/Air       0%         N/A       50%         2
 Scorch                   Fire           0%         2d5       50%         2
 Wereblood                Tmut           0%         N/A       50%         2
 Call Canine Familiar     Summ           0%         N/A       75%         3
 Confusing Touch          Hex            0%         N/A       75%         3
 Dazzling Flash           Conj/Hex       0%         N/A       75%         3
 Frozen Ramparts          Ice            0%         1d1       75%         3
 Gell's Gravitas          Tloc           0%         N/A       75%         3
 Hailstorm                Conj/Ice       0%         3d3       75%         3
 Ignite Poison            Fire/Tmut/Pois 0%         N/A       75%         3
 Inner Flame              Hex/Fire       0%         N/A       75%         3
 Kindle Blastsparks       Fire/Tloc/Air  0%         2d10      75%         3
 Lesser Beckoning         Tloc           0%         N/A       75%         3
 Mephitic Cloud           Conj/Pois/Air  0%         N/A       75%         3
 Ozocubu's Armour         Ice            0%         N/A       75%         3
 Portal Projectile        Hex/Tloc       0%         N/A       75%         3
 Spider Form              Tmut/Pois      0%         N/A       75%         3
 Summon Guardian Golem    Hex/Summ       0%         N/A       75%         3
 Swiftness                Air            0%         N/A       75%         3
 Teleport Other           Tloc           0%         N/A       75%         3
 Tukima's Dance           Hex            0%         N/A       75%         3
 Vampiric Draining        Necr           0%         2d6       75%         3
 Airstrike                Air            0%         2d(0-16)  98%         4
 Anguish                  Hex/Necr       0%         N/A       98%         4
 Cause Fear               Hex            0%         N/A       98%         4
 Flame Wave               Conj/Fire      0%         2d4       98%         4
 Fulminant Prism          Conj/Hex       0%         3d5       98%         4
 Ice Form                 Ice/Tmut       0%         N/A       98%         4
 Iskenderun's Mystic Bla  Conj/Tloc      0%         2d3       98%         4
 Leda's Liquefaction      Hex/Erth       0%         N/A       98%         4
 Manifold Assault         Tloc           0%         N/A       98%         4
 Olgreb's Toxic Radiance  Pois           0%         N/A       98%         4
 Petrify                  Tmut/Erth      0%         N/A       98%         4
 Sticky Flame             Conj/Fire      0%         2d3       98%         4
 Summon Ice Beast         Ice/Summ       0%         N/A       98%         4
 Summon Lightning Spire   Summ/Air       0%         N/A       98%         4
 Agony                    Necr           0%         N/A       100%        5
 Alistair's Intoxication  Tmut/Pois      0%         N/A       100%        5
 Blade Hands              Tmut           0%         N/A       100%        5
 Borgnjor's Vile Clutch   Necr/Erth      0%         N/A       100%        5
 Freezing Cloud           Conj/Ice/Air   0%         6-21      100%        5
 Iskenderun's Battlesphe  Conj           0%         2d6       100%        5
 Lee's Rapid Deconstruct  Erth           0%         3d4*      100%        5
 Lightning Bolt           Conj/Air       0%         1d11      100%        5
 Metabolic Englaciation   Hex/Ice        0%         N/A       100%        5
 Silence                  Hex/Air        0%         N/A       100%        5
 Summon Forest            Summ/Tloc      0%         N/A       100%        5
 Summon Mana Viper        Hex/Summ       0%         N/A       100%        5
 Yara's Violent Unravell  Hex/Tmut       0%         3d3       100%        5
 Death Channel            Necr           0%         N/A       100%        6
 Dispersal                Tloc           0%         N/A       100%        6
 Iron Shot                Conj/Erth      0%         9d1       100%        6
 Summon Cactus Giant      Summ           0%         N/A       100%        6
 Dragon Form              Tmut           0%         N/A       100%        7
 Enfeeble                 Hex            0%         N/A       100%        7
 Haunt                    Necr/Summ      0%         N/A       100%        7
 Malign Gateway           Summ/Tloc      0%         N/A       100%        7
 Monstrous Menagerie      Summ           0%         N/A       100%        7
 Ozocubu's Refrigeration  Ice            0%         4d7       100%        7
 Spellforged Servitor     Conj/Summ      0%         N/A       100%        7
 Summon Hydra             Summ           0%         N/A       100%        7
 Borgnjor's Revivificati  Necr           0%         N/A       100%        8
 Discord                  Hex            0%         N/A       100%        8
 Disjunction              Tloc           0%         N/A       100%        8
 Ignition                 Fire           0%         3d3       100%        8
 Infestation              Necr           0%         N/A       100%        8
 Necromutation            Tmut/Necr      0%         N/A       100%        8
 Summon Horrible Things   Summ           0%         N/A       100%        8
 Chain Lightning          Conj/Air       0%         N/A       100%        9
 Death's Door             Necr           0%         N/A       100%        9
 Dragon's Call            Summ           0%         N/A       100%        9
 Cigotuvi's Dreadful Rot  Necr/Pois/Air  Unusable   N/A       N/A         2
 Animate Dead             Necr           Unusable   N/A       N/A         4
 Simulacrum               Ice/Necr       Unusable   N/A       N/A         6
 Statue Form              Tmut/Erth      Unusable   N/A       N/A         6

Dungeon Overview and Level Annotations

Branches:
Dungeon (15/15)            Temple (1/1) D:6            Lair (5/5) D:9
 Shoals (4/4) Lair:2        Snake (4/4) Lair:3        Slime (5/5) Lair:4
    Orc (2/2) D:11            Elf (3/3) Orc:2        Vaults (5/5) D:13
  Crypt (1/3) Vaults:3     Depths (4/4) D:15           Hell (visited)
    Zot (5/5) Depths:4      IceCv (visited)          WizLab (visited)
Gauntlet (visited)
    Dis: Hell:1         Geh: Hell:1         Coc: Hell:1         Tar: Hell:1

Altars:
Ashenzari
Cheibriados
Dithmenos
Elyvilon
Fedhas
Gozag
Hepliaklqana
Kikubaaqudgha
Makhleb
Nemelex Xobeh
Okawaru
Qazlal
Ru
Sif Muna
Trog
Uskayaw
Vehumet
Wu Jian
Xom
Yredelemnul
Zin
The Shining One
Jiyva
Lugonu

Shops:
D:12 ?!:   Orc:2 *=*[*?   Elf:2 :(*   Elf:3 :=:   Shoals:3 *([*   Depths:1 :*(:
Depths:2 ?[[*   Depths:3 ?[(*   Depths:4 ?(

Portals:
Hell: Depths:1 Depths:2 Depths:3 Depths:4
Abyss: Depths:3
Pandemonium: Depths:2 Depths:3
Ziggurat: Depths:2

Annotations:
D:14 Roxanne
Lair:5 exclusion: obsidian statue
Elf:2 3 runed translucent doors
Vaults:2 1 runed translucent door, Vivivvi's ghost, veteran DjCj
Vaults:3 1 transporter
Crypt:1 Khufu
Hell Geryon


Innate Abilities, Weirdness & Mutations

You are immune to sickness and miasma.
Your stone body is resilient. (AC +20)
You are immune to poison.
Your large and strong wings let you fly.
You resist negative energy. (rN+)
You are resistant to electric shocks. (rElec)
You are resistant to unholy torment.
You are immune to petrification.
You have a pair of small antennae on your head.
Your mind is acute. (Int +4, Str/Dex -1)
You are somewhat resistant to further mutation.


Message History

You block the Orb Guardian's attack.
You thump the Orb Guardian!
You kill the Orb Guardian!
(D) Dungeon (T) Temple (L) Lair (A) Shoals (P) Snake Pit (M) Slime Pits (O) Orcish Mines (E) Elven Halls (V) Vaults (C) Crypt (U) Depths (H) Hell (Z) Zot
Where to? (Enter - D:1 @ (x,y), ? - help)
You now have 1649 gold pieces (gained 29).
You feel yourself speed up.
There is a stone staircase leading up here.
You fly upwards.
There is a stone staircase leading down here.
You recover from your berserk rage.
There is a stone staircase leading up here.
You fly upwards.
There is a stone staircase leading down here.
There is a stone staircase leading up here.
You see here a +0 short sword.
You fly upwards.
There is a stone staircase leading down here.
There is a stone staircase leading up here.
You fly upwards.
There is a stone staircase leading down here.
There is a stone staircase leading up here.
You fly upwards.
There is a stone staircase leading down here.
Things that are here:
a +0 scale mail; a +0 club; a +0 mace You see here a +0 falchion.
There is a stone staircase leading up here.
You fly upwards.
There is a stone staircase leading down here.
There is an escape hatch in the ceiling here.
A mysterious force pulls you upwards. The hatch slams shut behind you.
You reach down and open the door.
There is an open door here.
A Tzitzimitl comes into view.
There is a staircase leading out of the dungeon here.
You have escaped!

####.....................# #.#
# .#
#...#####.............####.###
.# #...#
#........#......##....
.###...#
#............##.######
...#...# ####..######.##.# #..
...##### ###'### #..#.# ##..
...# #.....# ##.#.###... ...#
#.....# #.#.##...# ...#
#..@..# #.#.##.#.. ...##
#.....# #...##.#.. ...'#
#.....# ###..#.#.. ...##
###1#########....#.. ...#
#.##.........>.... ...#
#....######..####+ ##'##
########.............. ....#
####...# #..####.##..... ....#
#.##...# #.....#........


You could see a Tzitzimitl.

Vanquished Creatures
  the Royal Jelly (Slime:5)
  2 dread liches (Vaults:5)
  Mennas (Vaults:2)
  2 orbs of fire
  2 ancient liches
  A juggernaut (Depths:3)
  Vv (Depths:2)
  Josephina (Zot:1)
  Frederick (Vaults:2)
  4 curse toes
  Boris (Vaults:2)
  2 Killer Klowns
  5 caustic shrikes (Depths:2)
  10 golden dragons
  A bone dragon (Depths:4)
  An electric golem (Zot:5)
  13 tentacled monstrosities
  A walking earthen tome (Depths:2)
  2 titans
  11 Orb Guardians
  5 quicksilver dragons
  2 deep elf blademasters (Elf:3)
  3 liches
  A deep elf master archer (Elf:3)
  3 ancient champions (WizLab)
  A kraken (Shoals:3)
  An Executioner (Zot:4)
  14 acid blobs
  3 tengu reavers
  19 storm dragons
  4 sphinxes
  3 death cobs
  13 shadow dragons
  3 draconian monks
  6 rockslimes
  8 nagarajas
  7 azure jellies
  A daeva (Depths:2)
  5 draconian scorchers (Zot:1)
  7 fire giants
  3 iron dragons (Vaults:5)
  11 vault wardens
  2 ghost moths
  Aizul (Snake:4)
  A draconian shifter (Zot:2)
  3 draconian knights
  10 frost giants
  7 deep elf sorcerers
  3 angels
  A caustic shrike skeleton (Depths:2)
  5 deep elf elementalists
  10 draconian stormcallers
  5 war gargoyles
  2 spriggan defenders
  26 very ugly things
  22 stone giants
  2 draconian annihilators (Zot:3)
  A quicksilver ooze (shapeshifter) (D:15)
  2 juggernaut skeletons (Depths:2)
  9 quicksilver oozes
  8 ironbound preservers
  3 elemental wellsprings (Shoals:3)
  8 black draconians
  7 ironbound thunderhulks
  10 green draconians
  7 vampire knights
  6 deep elf demonologists
  12 dire elephants
  9 deep elf annihilators (Elf:3)
  10 yellow draconians
  9 red draconians
  7 purple draconians
  10 white draconians
  9 fire dragons
  11 ettins
  A green death (Zot:5)
  4 merfolk javelineers (Shoals:4)
  A crystal guardian (Vaults:4)
  2 jiangshi
  4 merfolk impalers
  9 deep elf death magi
  7 deep elf high priests
  6 great orbs of eyes
  Fannar (D:9)
  An entropy weaver (Vaults:3)
  A spriggan zombie (Depths:1)
  27 vault guards
  4 rakshasas
  3 salamander tyrants
  16 yaktaur captains
  4 peacekeepers
  9 ice dragons
  8 merfolk avatars
  5 hydras
  An alligator snapping turtle (Shoals:4)
  A catoblepas (D:14)
  3 caustic shrike simulacra (IceCv)
  A radroach (shapeshifter) (Vaults:5)
  8 anacondas
  3 spriggan air magi
  3 boulder beetles
  8 two-headed ogres
  21 dancing weapons
  A spriggan skeleton (Depths:2)
  19 centaur warriors
  2 ogre magi
  6 ironbound frosthearts
  6 merfolk aquamancers
  2 death knights
  19 naga warriors
  8 deep troll shamans
  7 tengu warriors
  11 deep troll earth magi
  13 naga sharpshooters
  14 death yaks
  2 vampire magi (Vaults:3)
  5 shock serpents
  Urug (Lair:1)
  5 spriggan berserkers
  A soul eater (Depths:3)
  11 iron trolls
  19 deep elf knights
  17 hell knights
  2 spectral death yaks (Lair:5)
  4 salamander mystics
  6 skeletal warriors
  2 flayed ghosts
  15 sea snakes
  8 deep elf archers
  5 glowing orange brains
  A spectral anaconda (Lair:5)
  50 deep trolls
  A harpy (shapeshifter) (D:12)
  4 naga ritualists
  13 ironbound convokers
  10 wizards
  3 orange crystal statues
  15 necromancers
  19 harpies
  Pikel (D:8)
  34 deep elf pyromancers
  4 orc knights
  10 phantasmal warriors
  19 deep elf zephyrmancers
  4 lindwurms (Vaults:1)
  9 mana vipers
  2 shadow dragon skeletons
  3 shining eyes
  A stone giant zombie (Depths:1)
  A faun (shapeshifter) (Vaults:5)
  10 manticores
  3 fauns (Shoals:1)
  7 orc sorcerers
  23 moths of wrath
  62 ugly things
  5 cyclopes
  27 salamanders
  A human skeleton (Vaults:4)
  28 elephants
  15 vault sentinels
  30 black mambas
  3 rust devils
  3 stone giant skeletons
  3 merfolk sirens
  11 guardian serpents
  A water nymph (shapeshifter) (Vaults:5)
  A fire giant skeleton (Vaults:4)
  An ice statue (Elf:2)
  13 water nymphs
  An eye of devastation (Slime:5)
  10 cane toads
  A gargoyle (D:11)
  25 naga magi
  A storm dragon simulacrum (Zot:1)
  2 unseen horrors (D:11)
  7 rime drakes
  6 komodo dragons
  30 yaktaurs
  An elf zombie (Vaults:4)
  3 golden dragon simulacra
  2 kobold demonologists (D:12)
  3 efreet (D:14)
  An elf skeleton (Vaults:4)
  A tormentor (Depths:3)
  2 anaconda simulacra (IceCv)
  6 freezing wraiths
  6 tengu conjurers
  5 polar bears
  A red devil (Depths:3)
  28 merfolk
  6 trolls
  13 wind drakes
  8 hornets
  A hellwing (Depths:3)
  2 spectral elephants (Lair:5)
  9 dream sheep
  A dream sheep (shapeshifter) (Depths:1)
  3 blink frogs (Lair:2)
  8 snapping turtles
  A draconian simulacrum (Zot:1)
  2 large abominations (Zot:4)
  65 slime creatures
  A jumping spider (Vaults:3)
  4 wraiths
  A shadow (D:11)
  9 air elementals
  8 wyverns
  2 ynoxinuls
  6 spriggans
  2 hogs (Lair:4)
  26 water elementals
  5 vampires
  44 yaks
  A dire elephant simulacrum (Lair:5)
  6 fire elementals
  A redback (Vaults:3)
  5 golden eyes (Slime:2)
  4 basilisks
  Grum (D:8)
  2 vampire mosquitoes (D:14)
  A chaos spawn (Depths:3)
  2 steam dragons
  A yaktaur simulacrum (Vaults:4)
  2 spectral cane toads (Lair:5)
  A white draconian simulacrum (Zot:1)
  52 nagas
  3 harpy simulacra (IceCv)
  2 acid dragons
  3 swamp worms (Lair:1)
  4 two-headed ogre zombies (WizLab)
  9 wargs
  2 death yak simulacra (Lair:5)
  8 hydra simulacra
  16 water moccasins
  13 orc warriors
  A floating eye (Depths:3)
  4 ice beasts
  2 black bears
  A sky beast (D:6)
  2 ettin simulacra (IceCv)
  3 elephant zombies (Lair:5)
  5 wolves
  7 boggarts
  10 ogres
  A lemure (D:7)
  18 centaurs
  2 phantoms
  2 kobold brigands
  3 earth elementals (Elf:3)
  2 necrophages
  9 bullfrogs
  An ogre simulacrum (Vaults:4)
  4 scorpions
  A cane toad simulacrum (Lair:5)
  6 troll zombies (WizLab)
  17 wights
  2 lindwurm simulacra (IceCv)
  2 elephant simulacra (Lair:5)
  A killer bee (shapeshifter) (Vaults:5)
  9 electric eels
  4 howler monkeys
  A quasit (D:7)
  17 jellies
  13 orc priests
  A gnoll bouda (Lair:5)
  3 hounds
  Natasha (thrice) (D:2)
  5 iguanas
  39 orc wizards
  7 ogre zombies (WizLab)
  7 gnolls
  12 adders
  3 shadow imps
  A white imp (D:6)
  2 ufetubi
  3 worms
  A dart slug (D:1)
  94 orcs
  9 ball pythons
  2 endoplasms
  2 giant cockroaches
  4 goblins
  5 hobgoblins
  5 jackals
  3 quokkas
  4 bats (D:3)
  2 frilled lizards
  16 kobolds
  3 rats (D:3)
  2 briar patches (Lair:1)
  A butterfly (D:7)
  2 tentacles (Shoals:3)
2147 creatures vanquished.

Vanquished Creatures (collateral kills)
  2 ancient liches (Zot:5)
  2 dread liches (Zot:5)
  2 Killer Klowns (Zot:5)
  A golden dragon (Zot:5)
  An electric golem (Zot:5)
  A tentacled monstrosity (Zot:5)
  7 Orb Guardians (Zot:5)
  A quicksilver dragon (Zot:5)
  A death cob (Zot:5)
  Kirke (Lair:4)
  A shadow dragon (Zot:5)
  A draconian monk (Zot:5)
  Donald (Shoals:1)
  A draconian knight (Zot:5)
  A green draconian (Zot:5)
  3 white draconians (Zot:5)
  Harold (Lair:1)
  2 fauns (Shoals:1)
  A moth of wrath (Zot:5)
  A merfolk siren (Shoals:1)
  A hog (Lair:4)
  A chaos spawn (Zot:5)
34 creatures vanquished.

Vanquished Creatures (others)
  A dread lich (Zot:5)
  An orb of fire (Zot:5)
  An ancient lich (Zot:5)
  2 Killer Klowns (Zot:5)
  A golden dragon (Zot:5)
  8 Orb Guardians (Zot:5)
  A death cob (Zot:5)
  A storm dragon (Zot:5)
  A fire giant (Depths:2)
  A draconian stormcaller (Zot:1)
  A green draconian (Zot:4)
  A purple draconian (Zot:5)
  An ogre mage (D:13)
  A two-headed ogre (D:10)
  A deep elf knight (Elf:1)
  2 deep elf zephyrmancers (Elf:1)
  An orc knight (D:13)
  A deep elf pyromancer (Elf:3)
  2 moths of wrath
  An orc sorcerer (Orc:2)
  A black mamba (Snake:3)
  A tengu conjurer (Depths:1)
  A komodo dragon (Lair:2)
  A red devil (D:15)
  2 humans (Lair:4)
  2 nagas (Snake:4)
  A water moccasin (Lair:4)
  A moth of wrath simulacrum (Zot:1)
  3 orc wizards (Orc:2)
  5 orcs
  3 briar patches (Lair:1)
  2 demonic plants (D:7)
  31 fungi
  84 plants
  12 tentacles (Shoals:3)
  11 withered plants
191 creatures vanquished.

Grand Total: 2372 creatures vanquished

Notes
Turn   | Place    | Note
-------+----------+-------------------------------------------
     0 | D:1      | rigao the Gargoyle Hunter began the quest for the Orb.
     0 | D:1      | Reached XP level 1. HP: 12/12 MP: 1/1
   292 | D:1      | Reached XP level 2. HP: 18/18 MP: 2/2
   590 | D:2      | Noticed Natasha
   601 | D:2      | Noticed a crimson imp
   601 | D:2      | Killed Natasha
   602 | D:2      | Reached skill level 1 in Maces & Flails
   602 | D:2      | Reached XP level 3. HP: 21/23 MP: 3/3
   627 | D:2      | Noticed Natasha
   632 | D:2      | Killed Natasha
   633 | D:2      | Reached XP level 4. HP: 29/29 MP: 4/4
   647 | D:2      | Noticed Natasha
   661 | D:2      | Killed Natasha
  1130 | D:3      | Noticed a necrophage
  1140 | D:2      | Reached XP level 5. HP: 32/34 MP: 5/5
  1176 | D:3      | Found an opulent altar of Gozag.
  1188 | D:3      | Became a worshipper of Gozag Ym Sagoz the Greedy
  1356 | D:3      | Found a glowing golden altar of the Shining One.
  1450 | D:3      | Reached skill level 5 in Fighting
  1690 | D:3      | Reached XP level 6. HP: 40/40 MP: 6/6
  2263 | D:4      | Found a broken altar of Ashenzari.
  2282 | D:4      | Found a faded altar of an unknown god.
  2282 | D:4      | Found a shadowy altar of Dithmenos.
  2295 | D:4      | Found a glowing silver altar of Zin.
  2297 | D:4      | Found a hide-covered altar of Uskayaw.
  2299 | D:4      | Found a faded altar of an unknown god.
  2417 | D:4      | Found a basalt altar of Yredelemnul.
  2489 | D:4      | Reached XP level 7. HP: 45/46 MP: 7/7
  2494 | D:4      | Found a white marble altar of Elyvilon.
  2835 | D:4      | Found a shimmering blue altar of Sif Muna.
  2891 | D:5      | Entered Level 5 of the Dungeon
  2934 | D:4      | Reached skill level 5 in Maces & Flails
  3160 | D:5      | Found a bloodstained altar of Trog.
  3365 | D:5      | Found a stormy altar of Qazlal.
  3513 | D:5      | Reached XP level 8. HP: 47/53 MP: 8/8
  4974 | D:6      | Found a staircase to the Ecumenical Temple.
  5249 | Temple   | Entered the Ecumenical Temple
  5368 | D:6      | Reached XP level 9. HP: 37/60 MP: 9/9
  5930 | D:6      | Reached skill level 1 in Armour
  5963 | D:6      | Found a burning altar of Makhleb.
  6174 | D:6      | Identified the +7 dagger of Outrage {freeze, rElec rCorr
                  | Dex-5}
  6246 | D:6      | Found an ancient bone altar of Kikubaaqudgha.
  6846 | D:7      | Found a blossoming altar of Fedhas.
  6936 | D:7      | Found a shimmering altar of Xom.
  7254 | D:7      | Identified the +2 cloak of Shielding {Rampage *Corrode
                  | Int+5}
  7798 | D:8      | Noticed Grum
  7855 | D:8      | Killed Grum
  7856 | D:8      | Reached skill level 10 in Fighting
  7949 | D:8      | Noticed Pikel
  7974 | D:8      | Killed Pikel
  7975 | D:8      | Reached XP level 10. HP: 54/68 MP: 10/10
  8525 | D:9      | Reached skill level 5 in Armour
  9255 | D:9      | Reached skill level 10 in Maces & Flails
  9278 | D:9      | Reached XP level 11. HP: 58/74 MP: 11/11
  9357 | D:9      | Found a staircase to the Lair.
  9498 | Lair:1   | Entered Level 1 of the Lair of Beasts
  9570 | Lair:1   | Noticed Fannar
  9635 | D:9      | Killed Fannar
  9977 | Lair:1   | Found a transporter.
 10012 | Lair:1   | Found a transporter.
 10022 | Lair:1   | Noticed Urug
 10049 | Lair:1   | Killed Urug
 10227 | Lair:1   | Noticed Harold
 10234 | Lair:1   | Killed Harold
 10831 | Lair:2   | Noticed a manticore
 10831 | Lair:2   | Found a staircase to the Shoals.
 11245 | Lair:2   | Killed a manticore
 11428 | Lair:2   | Reached XP level 12. HP: 77/82 MP: 12/12
 11760 | Lair:2   | Noticed a seven-headed hydra
 11770 | Lair:2   | Killed a seven-headed hydra
 12194 | Lair:3   | Reached skill level 10 in Armour
 12209 | Lair:3   | Noticed a death yak
 12212 | Lair:3   | Noticed a death yak
 12217 | Lair:3   | Noticed a death yak
 12219 | Lair:3   | Killed a death yak
 12220 | Lair:3   | Noticed a death yak
 12220 | Lair:3   | Noticed a death yak
 12220 | Lair:3   | Noticed a death yak
 12240 | Lair:3   | Killed a death yak
 12251 | Lair:3   | Killed a death yak
 12263 | Lair:2   | Killed a death yak
 12459 | Lair:2   | Killed a death yak
 12476 | Lair:2   | Killed a death yak
 12618 | Lair:3   | Reached XP level 13. HP: 75/90 MP: 13/13
 12958 | Lair:3   | Found a staircase to the Snake Pit.
 13459 | Lair:4   | Found a gate leading to a gauntlet.
 13473 | Gauntlet | Entered a Gauntlet
 13473 | Gauntlet | Found a transporter.
 13482 | Gauntlet | Found a transporter.
 13485 | Gauntlet | Found a transporter.
 13486 | Gauntlet | Found a transporter.
 13494 | Gauntlet | Found a transporter.
 13497 | Gauntlet | Found a transporter.
 13498 | Gauntlet | Found a transporter.
 13505 | Gauntlet | Found a runed translucent gate.
 13506 | Gauntlet | Found a runed translucent gate.
 13507 | Gauntlet | Found a transporter.
 13510 | Gauntlet | Found a transporter.
 13511 | Gauntlet | Found a transporter.
 13519 | Gauntlet | Found a transporter.
 13519 | Gauntlet | Found a runed translucent gate.
 13522 | Gauntlet | Found a transporter.
 13523 | Gauntlet | Found a transporter.
 13531 | Gauntlet | Found a transporter.
 13835 | Lair:4   | Reached skill level 15 in Fighting
 13906 | Lair:4   | Noticed Kirke
 13930 | Lair:4   | Killed Kirke
 14110 | Lair:4   | Identified the +3 flail of the Imperium {freeze, rC+ rN+}
 14151 | Lair:4   | Found a staircase to the Slime Pits.
 14640 | Lair:5   | Entered Level 5 of the Lair of Beasts
 15224 | Lair:5   | Noticed a dire elephant
 15224 | Lair:5   | Noticed a dire elephant
 15225 | Lair:5   | Noticed a dire elephant
 15383 | Lair:5   | Gained mutation: Your large and strong wings let you fly.
                  | [Gargoyle growth]
 15383 | Lair:5   | Reached XP level 14. HP: 98/98 MP: 14/14
 16588 | Lair:1   | Identified the +2 helmet of the Trilobite {rC+ Str-2 Dex+2}
 16601 | Lair:1   | Identified the ring of Kikubaaqudgha's Pride {rC- rN++
                  | Will+ Int+4}
 16664 | D:10     | Entered Level 10 of the Dungeon
 17117 | D:10     | Found an ornate altar of the Wu Jian Council.
 17333 | D:11     | Found a staircase to the Orcish Mines.
 17686 | D:11     | Found a white marble altar of Elyvilon.
 17877 | Orc:1    | Entered Level 1 of the Orcish Mines
 18126 | Orc:2    | Entered Level 2 of the Orcish Mines
 18126 | Orc:2    | Found a staircase to the Elven Halls.
 18565 | Orc:2    | Found Yrem's General Store.
 18565 | Orc:2    | Found Zileuleu's Magic Scroll Shop.
 18574 | Orc:2    | Reached skill level 15 in Maces & Flails
 18678 | Orc:2    | Bought a scroll of teleportation for 54 gold pieces
 18678 | Orc:2    | Bought a scroll of fear for 72 gold pieces
 18678 | Orc:2    | Bought a scroll of enchant armour for 135 gold pieces
 18678 | Orc:2    | Bought a scroll of teleportation for 54 gold pieces
 18678 | Orc:2    | Bought a scroll of identify for 36 gold pieces
 18759 | Orc:2    | Found Odgha's Overcharged Wands.
 18798 | Orc:2    | Found Mattier's Jewellery Emporium.
 18845 | Orc:2    | Bought a ring of willpower for 325 gold pieces
 18851 | Orc:2    | Found Xeri's General Store.
 19286 | Orc:2    | Bought a +2 chain mail of willpower for 344 gold pieces
 19286 | Orc:2    | Bought the +2 helmet "Eraamobesch" {rC+} for 456 gold
                  | pieces
 19789 | Lair:5   | Reached XP level 15. HP: 92/107 MP: 15/15
 20533 | Lair:5   | Reached skill level 15 in Armour
 21052 | D:12     | Found Hannucakao's Book Emporium.
 21060 | D:12     | Bought a manual of Armour for 1360 gold pieces
 21072 | D:12     | Found Weusaysm's Magic Scroll Boutique.
 21081 | D:12     | Bought a scroll of poison for 52 gold pieces
 21081 | D:12     | Bought a scroll of identify for 26 gold pieces
 21081 | D:12     | Bought a scroll of teleportation for 39 gold pieces
 21081 | D:12     | Bought a scroll of fear for 52 gold pieces
 21081 | D:12     | Bought a scroll of identify for 26 gold pieces
 21460 | D:12     | Found Lourinuo's Distillery.
 21707 | D:12     | Bought a potion of might for 44 gold pieces
 21707 | D:12     | Bought a potion of haste for 110 gold pieces
 21707 | D:12     | Bought a potion of might for 44 gold pieces
 22890 | D:13     | Found a gate to the Vaults.
 23263 | D:14     | Reached skill level 1 in Shields
 23494 | Orc:2    | Bought a +4 ring of slaying for 1014 gold pieces
 23878 | D:14     | Found a shadowy altar of Dithmenos.
 24046 | D:14     | Reached skill level 5 in Shields
 24062 | D:14     | Noticed Roxanne
 24365 | D:15     | Entered Level 15 of the Dungeon
 24400 | D:15     | Reached XP level 16. HP: 112/112 MP: 16/16
 24968 | D:15     | Found a staircase to the Depths.
 24993 | D:15     | an ettin changed into an azure jelly
 24993 | D:15     | Noticed an azure jelly (glowing shapeshifter)
 24994 | D:15     | an azure jelly changed into a catoblepas
 25711 | Snake:1  | Entered Level 1 of the Snake Pit
 25711 | Snake:1  | You are sucked into a shaft and drop 1 floor!
 27435 | Snake:2  | Reached XP level 17. HP: 120/120 MP: 17/17
 28528 | Snake:3  | Reached skill level 10 in Shields
 28579 | Snake:3  | Got the Atlas of Maleficia and the Geodesic
 28940 | Snake:4  | Entered Level 4 of the Snake Pit
 29210 | Snake:4  | Noticed Aizul
 29229 | Snake:4  | Killed Aizul
 29785 | Snake:4  | Reached XP level 18. HP: 102/131 MP: 18/18
 30712 | Snake:4  | Got a serpentine rune of Zot
 30889 | Shoals:1 | Entered Level 1 of the Shoals
 31396 | Shoals:1 | Noticed Donald
 31403 | Shoals:1 | Killed Donald
 33696 | Shoals:3 | Found the +9 staff of Olgreb {rPois∞}
 33776 | Shoals:3 | Found Zelywn's Merfolk Armours.
 33776 | Shoals:3 | Found Zelywn's Visitors' Centre.
 33781 | Shoals:3 | Found Zelywn's Merfolk Magic.
 33781 | Shoals:3 | Found Zelywn's Merfolk Weapons.
 33790 | Shoals:3 | Bought a scroll of teleportation for 300 gold pieces
 33920 | Shoals:4 | Entered Level 4 of the Shoals
 33920 | Shoals:4 | Found an iron altar of Okawaru.
 33976 | Shoals:4 | Reached XP level 19. HP: 112/139 MP: 19/19
 34098 | Shoals:4 | Reached skill level 15 in Shields
 34125 | Shoals:4 | Got a barnacled rune of Zot
 34156 | Shoals:4 | Identified the +5 whip "Bopofai" {heavy, rPois rF+ Dex-2
                  | SInv}
 34372 | Shoals:4 | Identified the +0 scale mail "Toamojok" {Fly rPois Dex-2}
 34570 | Shoals:4 | Reached skill level 5 in Dodging
 34649 | Shoals:4 | Paralysed by an air elemental for 1 turns
 34659 | Shoals:4 | Paralysed by an air elemental for 1 turns
 34696 | Shoals:4 | Paralysed by an air elemental for 1 turns
 34854 | Shoals:4 | Upgraded the game from 0.30-a0-632-g346586fe48 to
                  | 0.30-a0-634-g8abc85282e
 35095 | Vaults:1 | Entered Level 1 of the Vaults
 35100 | Vaults:1 | You are sucked into a shaft and drop 1 floor!
 35163 | Vaults:1 | Identified the +1 short sword "Gukahesoll" {drain, Fly rF++
                  | rCorr Dex-4}
 36781 | Vaults:2 | Noticed Boris
 36828 | Vaults:2 | Killed Boris
 37010 | Vaults:2 | Reached XP level 20. HP: 147/147 MP: 20/20
 37420 | Vaults:2 | Noticed Frederick
 37636 | Vaults:2 | Noticed Mennas
 37680 | Vaults:2 | Killed Mennas
 38369 | Vaults:2 | Killed Frederick
 38564 | Vaults:2 | Found a runed translucent door.
 38564 | Vaults:2 | Noticed Vivivvi's ghost (veteran DjCj)
 38774 | Vaults:3 | Found a magical portal.
 38783 | WizLab   | Entered Zonguldrok's Shrine
 39193 | WizLab   | Found the +9 sword of Zonguldrok {reap}
 39330 | WizLab   | Noticed an antique lich
 39340 | WizLab   | Killed an antique lich
 39621 | Vaults:3 | Found a staircase to the Crypt.
 40070 | Vaults:3 | Found a transporter.
 40074 | Vaults:3 | Found a radiant altar of Vehumet.
 40077 | Vaults:3 | Noticed an ancient lich
 40093 | Vaults:3 | Identified the ring of the Devil's Advocate {*Corrode rElec
                  | EV+5 Dex+2}
 41559 | Vaults:4 | Reached XP level 21. HP: 155/155 MP: 21/21
 41616 | Vaults:4 | Identified the ring "Cijebb" {rC+ Will+ AC+4 Str+3 Dex+3
                  | Slay-5}
 42339 | Elf:1    | Entered Level 1 of the Elven Halls
 43338 | Elf:2    | Found Baeru's General Store.
 43368 | Elf:2    | Paralysed by an air elemental for 1 turns
 43551 | Elf:2    | Found Seturph's Antique Weapon Emporium.
 43560 | Elf:2    | Found a frozen archway.
 43573 | IceCv    | Entered an ice cave
 43936 | Elf:2    | Bought a scroll of enchant weapon for 90 gold pieces
 43936 | Elf:2    | Bought a scroll of summoning for 114 gold pieces
 44019 | Elf:2    | Found Asarohy's Book Boutique.
 44277 | Elf:2    | Found a runed translucent gate.
 44278 | Elf:2    | Found a runed translucent gate.
 44278 | Elf:2    | Found a runed translucent gate.
 44489 | Elf:3    | Entered Level 3 of the Elven Halls
 44869 | Elf:3    | Found Cyples's Book Shop.
 44869 | Elf:3    | Found Vyvuem's Jewellery Shoppe.
 44870 | Elf:3    | Found Wuroeb's Book Shop.
 44880 | Elf:3    | Bought a manual of Maces & Flails for 1680 gold pieces
 45909 | Elf:3    | Found Cyples's Book Shop.
 45909 | Elf:3    | Found Vyvuem's Jewellery Shoppe.
 45910 | Elf:3    | Found Wuroeb's Book Shop.
 46021 | Elf:3    | Reached XP level 22. HP: 162/162 MP: 22/22
 46202 | Elf:3    | Identified the amulet of the Will of the Gods {RegenMP
                  | *Corrode rElec Str+4}
 46225 | Elf:3    | Identified the +5 falchion of Glory {freeze, Will+ Dex+4
                  | Stlth+}
 46225 | Elf:3    | Identified the amulet "Fidoorch" {Faith rPois Str+3}
 46225 | Elf:3    | Identified the +8 chain mail "Eleom" {MP+9 Int+3 Dex-5}
 46225 | Elf:3    | Identified the ring "Kafoxuit" {rPois rC+ Str-3 Dex+2
                  | Slay+2}
 46671 | Elf:3    | Found Cyples's Book Shop.
 46671 | Elf:3    | Found Vyvuem's Jewellery Shoppe.
 46672 | Elf:3    | Found Wuroeb's Book Shop.
 47184 | Elf:3    | Identified the +8 whip "Usoos" {heavy, *Rage rF+ rN+}
 47249 | Elf:3    | Paralysed by an air elemental for 1 turns
 47258 | Elf:3    | Paralysed by an air elemental for 1 turns
 47553 | Elf:3    | Found Cyples's Book Shop.
 47553 | Elf:3    | Found Vyvuem's Jewellery Shoppe.
 47554 | Elf:3    | Found Wuroeb's Book Shop.
 48077 | Elf:3    | Got Sif Muna's Guide on Necrotic Vapour
 48084 | Elf:3    | Identified the +1 helmet of Leapfrog {+Inv rElec Will-
                  | Int-5}
 48095 | Elf:3    | Identified the +2 pair of boots of Inevitability {-Cast
                  | rPois Regen+ Dex+3}
 48601 | Crypt:1  | Entered Level 1 of the Crypt
 48680 | Crypt:1  | Noticed a royal mummy
 48682 | Crypt:1  | Noticed Khufu
 48684 | Crypt:1  | Noticed a royal mummy
 48980 | Depths:1 | Entered Level 1 of the Depths
 49080 | Depths:1 | Found Toimul's Book Emporium.
 49212 | Depths:1 | Reached skill level 10 in Dodging
 49384 | Depths:1 | Found Kenoeny's Book Boutique.
 49753 | Depths:1 | Found Ashrifroo's Antique Weapon Shop.
 49959 | Depths:1 | Found Big Baal Hell's Store.
 50016 | Depths:1 | Found a gateway to Hell.
 50644 | Depths:2 | Noticed a caustic shrike
 50644 | Depths:2 | Noticed a caustic shrike
 50644 | Depths:2 | Noticed a caustic shrike
 50644 | Depths:2 | Noticed a caustic shrike
 50644 | Depths:2 | Noticed a caustic shrike
 50660 | Depths:2 | Killed a caustic shrike
 50666 | Depths:2 | Killed a caustic shrike
 50667 | Depths:2 | Reached XP level 23. HP: 144/168 MP: 23/23
 50669 | Depths:2 | Killed a caustic shrike
 50672 | Depths:2 | Killed a caustic shrike
 50679 | Depths:2 | Killed a caustic shrike
 50880 | Depths:2 | Found Naucarhaomm's Antique Armour Shop.
 50900 | Depths:2 | Bought a bloodstained chain mail for 285 gold pieces
 50900 | Depths:2 | Identified the +0 chain mail "Guryory" {rPois} (You bought
                  | it in a shop on level 2 of the Depths)
 50900 | Depths:2 | Bought a shiny helmet for 225 gold pieces
 50900 | Depths:2 | Bought a spiked tower shield for 285 gold pieces
 50900 | Depths:2 | Identified the +0 tower shield of Jashroko {rF+ Dex+4} (You
                  | bought it in a shop on level 2 of the Depths)
 50922 | Depths:2 | Found a one-way gateway to a ziggurat.
 51267 | Depths:2 | Found Haipug's Antique Armour Emporium.
 51275 | Depths:2 | Bought the +3 crown of Dyrovepreva {rElec Int+2 SInv} for
                  | 1821 gold pieces
 51275 | Depths:2 | Found the +3 crown of Dyrovepreva {rElec Int+2 SInv}
 51529 | Hell     | Entered the Vestibule of Hell
 51529 | Hell     | Noticed Geryon
 51683 | Depths:2 | Found a one-way gate leading to the halls of Pandemonium.
 51791 | Depths:2 | Found Umiafagu's General Store.
 51850 | Depths:2 | Bought a scroll of acquirement for 1092 gold pieces
 51850 | Depths:2 | Acquired the ring of Gluttony {rC+ Will++ Int+3 Dex-3}
 51886 | Depths:2 | Found Ucedats's Magic Scroll Shoppe.
 51899 | Depths:2 | Bought a scroll of teleportation for 51 gold pieces
 51899 | Depths:2 | Bought a scroll of teleportation for 51 gold pieces
 51899 | Depths:2 | Bought a scroll of blinking for 127 gold pieces
 51899 | Depths:2 | Bought a scroll of teleportation for 51 gold pieces
 51899 | Depths:2 | Bought a scroll of poison for 68 gold pieces
 51916 | Depths:2 | Noticed Vv
 51956 | Depths:2 | Killed Vv
 52582 | Depths:3 | Found Ziciuhoih's Antique Weapon Emporium.
 52585 | Depths:3 | Found Jaismaza's Armour Shoppe.
 52686 | Depths:3 | Found Falej's Assorted Antiques.
 52693 | Depths:3 | Bought a potion of haste for 280 gold pieces
 52693 | Depths:3 | Bought a scroll of blinking for 210 gold pieces
 52760 | Depths:3 | Found a one-way gate to the infinite horrors of the Abyss.
 53103 | Depths:3 | Found Uzurann's Magic Scroll Shoppe.
 53111 | Depths:3 | Bought a scroll of blinking for 165 gold pieces
 53111 | Depths:3 | Bought a scroll of teleportation for 66 gold pieces
 53111 | Depths:3 | Bought a scroll of teleportation for 66 gold pieces
 53512 | Depths:3 | Noticed a juggernaut
 53531 | Depths:3 | Killed a juggernaut
 53636 | Depths:4 | Entered Level 4 of the Depths
 53636 | Depths:4 | Noticed a golden dragon
 53646 | Depths:3 | Killed a golden dragon
 53829 | Depths:4 | Reached XP level 24. HP: 177/177 MP: 23/23
 54676 | Depths:4 | Found Imniecs's Weapon Emporium.
 54681 | Depths:4 | Found Zuolieg's Magic Scroll Emporium.
 54688 | Depths:4 | Bought a scroll of teleportation for 63 gold pieces
 54732 | Depths:4 | Found a hazy altar of Hepliaklqana.
 54868 | Depths:4 | Found a gate to the Realm of Zot.
 55275 | Vaults:5 | Entered Level 5 of the Vaults
 55756 | Vaults:5 | Identified the ring "Sidderch" {rC+ rCorr}
 55964 | Vaults:5 | Noticed an ancient lich
 55972 | Vaults:5 | Killed an ancient lich
 56224 | Vaults:5 | Noticed a dread lich
 56254 | Vaults:5 | Killed a dread lich
 56379 | Vaults:5 | Reached XP level 25. HP: 185/185 MP: 23/23
 56432 | Vaults:5 | Noticed a dread lich
 56455 | Vaults:5 | Killed a dread lich
 56573 | Vaults:5 | Got a silver rune of Zot
 56806 | Vaults:5 | Reached skill level 27 in Fighting
 57129 | Vaults:5 | Identified the +3 ring mail "Kurihoiv" {Harm rF++ Int-5
                  | Stlth+}
 57138 | Vaults:5 | Identified the ring of Udeamm {Fly rF- Dex+6}
 57558 | Slime:1  | Entered Level 1 of the Pits of Slime
 58458 | D:12     | Bought a scroll of fog for 52 gold pieces
 58543 | Orc:2    | Bought a scroll of fog for 72 gold pieces
 58543 | Orc:2    | Bought a scroll of fog for 72 gold pieces
 58790 | Depths:2 | Bought a scroll of fog for 84 gold pieces
 58870 | Depths:3 | Bought a scroll of fear for 88 gold pieces
 58870 | Depths:3 | Bought a scroll of fog for 88 gold pieces
 58870 | Depths:3 | Bought a scroll of fear for 88 gold pieces
 59603 | Slime:5  | Entered Level 5 of the Pits of Slime
 59672 | Slime:5  | Noticed the Royal Jelly
 59677 | Slime:5  | Found a viscous altar of Jiyva.
 59693 | Slime:5  | Gained mutation: You are weak. (Str -2) [a shining eye]
 59724 | Slime:5  | Killed the Royal Jelly
 59774 | Slime:5  | Got a slimy rune of Zot
 59775 | Slime:5  | Identified the +1 scimitar of Havoc {antimagic, rC+ Dex+4}
 59823 | Slime:5  | Identified the +0 plate armour of Asceticism {rElec rCorr
                  | Str+2 Int-2}
 59859 | Slime:5  | Got the Tome of the Unified Evil Eye
 60347 | Zot:1    | Entered Level 1 of the Realm of Zot
 60527 | Zot:1    | Identified the ring "Hoffinen" {Ice Stlth+}
 60527 | Zot:1    | Noticed Josephina
 60549 | Zot:1    | Killed Josephina
 61677 | Zot:1    | Reached XP level 26. HP: 193/193 MP: 23/23
 62073 | Orc:2    | Bought a wand of digging (11) for 693 gold pieces
 64109 | Zot:2    | Identified the +0 chain mail of Polish {rN+++ MP+9 Str+4
                  | Int-5}
 64577 | Zot:3    | You are sucked into a shaft and drop 1 floor!
 64617 | Zot:4    | Noticed a Killer Klown
 65084 | Zot:3    | Noticed an orb of fire
 65495 | Zot:3    | Reached skill level 27 in Shields
 65665 | Zot:3    | Gained mutation: Your magical capacity is low. (-10% MP)
                  | [an orb of fire]
 65667 | Zot:3    | Gained mutation: You do not regenerate when monsters are
                  | visible. [an orb of fire]
 65668 | Zot:3    | Gained mutation: Your magical capacity is very low. (-20%
                  | MP) [an orb of fire]
 65677 | Zot:3    | Killed an orb of fire
 66346 | Elf:3    | Bought the macabre finger necklace {Finger+ rN+} for 600
                  | gold pieces
 66346 | Elf:3    | Found the macabre finger necklace {Finger+ rN+}
 66840 | Zot:4    | Killed a Killer Klown
 67436 | Zot:4    | Found a shimmering altar of Xom.
 67851 | Zot:5    | Entered Level 5 of the Realm of Zot
 68736 | Zot:5    | Noticed an ancient lich
 68758 | Zot:5    | Killed an ancient lich
 68762 | Zot:5    | Reached XP level 27. HP: 189/199 MP: 18/18
 68768 | Zot:5    | Noticed an orb of fire
 68771 | Zot:5    | Noticed a dread lich
 68772 | Zot:5    | Noticed an ancient lich
 68772 | Zot:5    | Noticed a dread lich
 68775 | Zot:5    | Killed an ancient lich
 68779 | Zot:5    | Killed a dread lich
 68789 | Zot:5    | Reached skill level 27 in Armour
 68929 | Zot:5    | Noticed an orb of fire
 68930 | Zot:5    | Noticed an orb of fire
 68936 | Zot:5    | Noticed an orb of fire
 68939 | Zot:5    | Noticed a dread lich
 68945 | Zot:5    | Noticed an orb of fire
 68954 | Zot:5    | Killed a dread lich
 68969 | Zot:5    | Gained mutation: Potions are less effective at restoring
                  | your health. [an orb of fire]
 68972 | Zot:5    | Noticed an ancient lich
 68973 | Zot:5    | Killed an orb of fire
 68994 | Zot:5    | Killed an ancient lich
 69265 | Zot:5    | Got the Orb of Zot
 69415 | Zot:1    | Lost mutation: Your magical capacity is very low. (-20% MP)
                  | [potion of mutation]
 69415 | Zot:1    | Lost mutation: Your magical capacity is low. (-10% MP)
                  | [potion of mutation]
 69415 | Zot:1    | Lost mutation: Potions are less effective at restoring your
                  | health. [potion of mutation]
 69415 | Zot:1    | Gained mutation: You occasionally lose the ability to drink
                  | potions when taking damage. [potion of mutation]
 69415 | Zot:1    | Gained mutation: You have a pair of small horns on your
                  | head. [potion of mutation]
 69416 | Zot:1    | Lost mutation: You do not regenerate when monsters are
                  | visible. [potion of mutation]
 69416 | Zot:1    | Lost mutation: You have a pair of small horns on your head.
                  | [potion of mutation]
 69416 | Zot:1    | Gained mutation: You have sharp toenails. [potion of
                  | mutation]
 69416 | Zot:1    | Gained mutation: You sometimes lose your temper in combat.
                  | [potion of mutation]
 69417 | Zot:1    | Lost mutation: You are weak. (Str -2) [potion of mutation]
 69417 | Zot:1    | Lost mutation: You have sharp toenails. [potion of
                  | mutation]
 69417 | Zot:1    | Gained mutation: You passively dampen the noise of your
                  | surroundings. [potion of mutation]
 69417 | Zot:1    | Gained mutation: You have sharp toenails. [potion of
                  | mutation]
 69418 | Zot:1    | Lost mutation: You occasionally lose the ability to drink
                  | potions when taking damage. [potion of mutation]
 69418 | Zot:1    | Lost mutation: You passively dampen the noise of your
                  | surroundings. [potion of mutation]
 69418 | Zot:1    | Lost mutation: You have sharp toenails. [potion of
                  | mutation]
 69418 | Zot:1    | Gained mutation: You have a pair of small antennae on your
                  | head. [potion of mutation]
 69418 | Zot:1    | Gained mutation: You have an increased reservoir of magic.
                  | (+10% MP) [potion of mutation]
 69584 | D:15     | Noticed Oqeiv Jext the pandemonium lord
 69650 | D:13     | Noticed a seraph
 69757 | D:9      | Lost mutation: You sometimes lose your temper in combat.
                  | [potion of mutation]
 69757 | D:9      | Lost mutation: You have an increased reservoir of magic.
                  | (+10% MP) [potion of mutation]
 69757 | D:9      | Gained mutation: You are somewhat resistant to further
                  | mutation. [potion of mutation]
 69757 | D:9      | Gained mutation: Your mind is acute. (Int +4, Str/Dex -1)
                  | [potion of mutation]
 69900 | D:$      | Escaped with the Orb!

Illustrated notes

Levels and vault maps discovered:
D:1:      minmay_arrival_checkered_box, layout_basic
D:2:      layout_rooms, chequers_serial_rivers_marsh, uniq_natasha
D:3:      layout_loops_cross, grunt_gozag_breadcrumbs, tso_metal_star
D:4:      layout_cave_pools, nicolae_overflow_crystal_walls,
          chequers_temple_overflow_minitemple, lemuel_round_altar,
          lemuel_coloured_pillars_altar, kennysheep_orc_sif_temple
D:5:      layout_layer_cave, bloody_trog, mainiacjoe_overflow_six_doors_small,
          st_stairs_9, solitary_fountain
D:6:      layout_loops_ring, kiku_gazebo_pond_becter,
          mainiacjoe_overflow_alcove_4, minmay_temple_entry_stoned_glass,
          serial_park_tiny_1
D:7:      layout_loops_ring, fedhas_altar_1, xom_butterflies, serial_demonic,
          serial_demonic_e, serial_demonic_b, serial_demonic_g,
          serial_demonic_f, chequers_mini_garden
D:8:      layout_loops_ring, uniq_pikel, uniq_grum
D:9:      layout_roguey, minmay_lair_entry_grove
D:10:     layout_basic, nzn_wu_jian_council_hall, minmay_misc_feat_iff
D:11:     layout_loops_ring, elyvilon_altar_3
D:12:     layout_basic, serial_shops, shop, nicolae_shop_statue_plus,
          shop_scrolls
D:13:     layout_stronghold, hangedman_vaults_entry_quadrant_bands
D:14:     layout_long_grid, grunt_dithmenos_smoke, uniq_roxanne
D:15:     gammafunk_enter_depths_forms, layout_rooms, roderic_three_in_a_row,
          interstate_on_off
Temple:   corrupted_temple
Lair:1:   gammafunk_worm_tunnel, layout_gridlike, serial_bayou_shore_a,
          infiniplex_staircase_pool_2, uniq_fannar, uniq_harold, uniq_urug
Lair:2:   layout_regular_city, minmay_shoals_entry_beasts, lemuel_old_faithful
Lair:3:   layout_roguey, minmay_snake_entry_guardpost_small
Lair:4:   layout_regular_city, minmay_slime_entry_pillars,
          gauntlet_entry_generic, uniq_kirke
Lair:5:   due_jungle_book, layout_gridlike, grunt_forest_small_clearings,
          dreamdust_gnoll_shepherd
Shoals:1: layout_shoals, uniq_donald
Shoals:2: layout_shoals, abandoned_shop
Shoals:3: nicolae_shoals_mermall, layout_shoals,
          nicolae_shoals_spring_well_temple
Shoals:4: shoals_end_hellmonk_storm_palace [storm_palace_center_circular,
          storm_palace_corner_pillars, storm_palace_corner_grid,
          storm_palace_corner_altar, storm_palace_corner_pillars]
Snake:1:  layout_misc_corridors, grunt_megastairs_2
Snake:2:  layout_rooms, nicolae_snake_round_shape_thing
Snake:3:  layout_rooms, grunt_ministairs_14, grunt_megastairs_3
Snake:4:  grunt_snake_rune_pools, layout_cave_town, st_stairs_10, uniq_aizul
Slime:1:  layout_caves, nicolae_slime_phagocytosis
Slime:2:  layout_caves
Slime:3:  layout_caves
Slime:4:  nicolae_slime_jelly_donut, layout_caves
Slime:5
Orc:1:    layout_caves, basic_altar
Orc:2:    st_orc_town, layout_caves, nicolae_shop_overcharged_wands
Elf:1:    eino_elf_arrival_the_gate, layout_geoelf_grid, hangedman_elf_disciples
Elf:2:    nicolae_elf_blades_crystal_corner, layout_loops_cross, serial_shops,
          nicolae_stop_n_shop_1, shop, nicolae_take_the_stairs,
          portal_ice_cave_entry_ice_statue_one, minivault_19, uniq_zenata,
          uniq_agnes
Elf:3:    minmay_elf_hall_hex, layout_gridlike, minmay_shop_grove
Vaults:1: vaults_room_guarded_vault, nicolae_vaults_sealed_display,
          nicolae_vaults_ring_of_whatevers, v_rooms_4, vaults_room_corners,
          hangedman_vaults_stagger, nicolae_vaults_specimen_jars,
          ontoclasm_vaults_chip, nicolae_vaults_little_squares_3,
          ontoclasm_vaults_chip, vaults_room_semicircle,
          hangedman_vaults_impose, layout_vaults_chaotic_city
Vaults:2: hellmonk_ghost_happy_afterlife, hangedman_vaults_nails, v_misc_8,
          vaults_dpeg_encased_lava, v_misc_2, v_misc_19, vaults_dpeg_doors,
          ontoclasm_vaults_pinch, ontoclasm_vaults_loading_screen,
          grunt_vaults_hallway_short, layout_vaults_omnicross, uniq_frederick,
          uniq_mennas, uniq_boris
Vaults:3: mu_enter_wizlab_3, minmay_crypt_entry_simple_plaza,
          gammafunk_sealed_library, v_alt_pattern_6, nicolae_vaults_theta,
          hangedman_vaults_impose, hangedman_vaults_stretched_pinwheel,
          vaults_room_semicircle, layout_vaults_quadrants
Vaults:4: vaults_room_pools, ontoclasm_vaults_water_temple,
          nicolae_vaults_alarming, vaults_room_pools, hangedman_vaults_stitches,
          ontoclasm_vaults_tryst, nicolae_vaults_big_angled_halls,
          vaults_standard_mumra_lines, vaults_dpeg_cross,
          hangedman_vaults_corner_blocks, v_misc_5, v_misc_11,
          layout_vaults_ring
Vaults:5
Crypt:1:  layout_gridlike, st_stairs_6, uniq_khufu
Depths:1: layout_big_octagon, kennysheep_crisscross, serial_shops,
          nicolae_shop_waterfront, shop, shop_fountains,
          nicolae_hell_entry_big_baal_hell, serial_sigils_hangedman_confine,
          grunt_ministairs_3, amcnicky_mini_rare_corridor_liquid, minivault_15,
          lightli_corner_chamber
Depths:2: grunt_deathspiral_small, layout_gridville, enter_ziggurat_c,
          pan_entry, nicolae_hexahallways, hell_entry, serial_shops,
          nicolae_shop_stone, nicolae_shop_overgrown_old_shop,
          nicolae_shop_hallway_plus, nicolae_shop_behind_doors,
          serial_bayou_shore_b, uniq_vv
Depths:3: cheibrodos_hall_of_evolution, layout_small_grid,
          grunt_pan_entry_in_and_out, serial_shops, shop,
          nicolae_lakefront_shop, shop, nicolae_square_shop, hell_entry,
          solitary_fountain, hangedman_abyss_entry_splay
Depths:4: grunt_zot_entry_alcove, layout_cave_shapes, pf_hell_entry_tar_spiral,
          nicolae_hepliaklqana_hazy_memory, minmay_shop_star
Hell
Zot:1:    lemuel_draconian_sentries, layout_basic, uniq_josephina
Zot:2:    layout_onion_interference, grunt_megastairs_4
Zot:3:    layout_misc_corridors
Zot:4:    layout_concentric_octagons, basic_altar
Zot:5:    layout_gridlike

Skill      XL: |  1  2  3  4  5  6  7  8  9 10 11 12 13 14 15 16 17 18 19 20 21 22 23 24 25 26 27 |
---------------+----------------------------------------------------------------------------------+-----
Fighting       | 3 4 5 6 7 9 10 11 12 14 15 17 18 20 22 23 24 25 26 27 | 27.0
Maces & Flails | 1 2 3 4 5 7 9 10 11 12 14 15 16 17 20 | 20.0
Armour         | 4 6 9 11 13 14 18 20 21 22 23 24 26 27 | 27.0
Dodging        | 3 4 6 8 9 10 11 13 | 13.3
Shields        | 5 8 12 14 15 17 18 20 23 26 27 | 27.0
Ranged Weapons | |  4.0
Stealth        | |  1.1

Action                   |  1- 3 |  4- 6 |  7- 9 | 10-12 | 13-15 | 16-18 | 19-21 | 22-24 | 25-27 || total
-------------------------+-------+-------+-------+-------+-------+-------+-------+-------+-------++-------
Melee: Whip              |    13 |       |       |       |       |       |       |       |       ||    13
       Flail             |       |    36 |    51 |   379 |       |       |       |       |       ||   466
       Quarterstaff      |       |     1 |   210 |       |       |       |       |       |       ||   211
       Punch             |       |       |     2 |     8 |    24 |       |       |       |       ||    34
       Eveningstar       |       |       |       |   221 |  1396 |  1750 |  2005 |  2109 |  1790 ||  9271
 Fire: Shortbow          |    25 |   204 |   268 |    99 |       |       |       |       |       ||   596
Throw: Throwing net      |       |       |       |       |       |       |       |       |     2 ||     2
Invok: Call Merchant     |       |       |       |       |     1 |       |       |       |       ||     1
       Potion Petition   |       |       |       |       |       |     6 |       |     5 |     3 ||    14
       Bribe Branch      |       |       |       |       |       |       |       |       |     2 ||     2
Evoke: Wand              |       |       |       |       |    10 |       |     1 |     1 |    10 ||    22
  Use: Scroll            |       |     7 |     6 |     7 |    15 |    14 |    11 |    15 |    14 ||    89
       Potion            |       |       |       |     2 |       |     6 |    10 |     4 |    10 ||    32
 Stab: Distracted        |       |       |       |     3 |    10 |    13 |    15 |    19 |    18 ||    78
       Invisible         |       |       |       |       |     2 |       |       |     9 |    23 ||    34
       Held in net/web   |       |       |       |       |       |       |       |       |     2 ||     2
       Confused          |       |       |       |       |       |       |       |       |     2 ||     2
Armor: Ring mail         |     4 |    70 |   238 |   310 |   485 |       |       |       |       ||  1107
       Leather armour    |     1 |       |       |       |       |       |       |       |       ||     1
       Chain mail        |       |       |       |       |   378 |  1076 |  1075 |  1060 |   632 ||  4221
Dodge: Dodged            |     6 |    96 |   256 |   302 |   597 |   455 |   475 |   740 |   496 ||  3423
Block: Buckler           |       |       |       |       |    17 |    43 |       |       |       ||    60
       Kite shield       |       |       |       |       |       |   779 |   985 |   522 |       ||  2286
       Tower shield      |       |       |       |       |       |       |       |  1193 |  1637 ||  2830

Table legend: (Time is in decaauts)
 A = Elapsed time spent in this place.
 B = Non-inter-level travel time spent in this place.
 C = Inter-level travel time spent in this place.
 D = Time resting spent in this place.
 E = Time spent auto-exploring this place.
 F = Levels seen in this place.
 G = Mean time per level.
                   A        B        C        D        E       F      G
               +--------+--------+--------+--------+--------+-----+--------+
         Total |  68002 |  59268 |   8734 |   9735 |  33800 |  58 | 1172.4 |
       Dungeon |  17775 |  14413 |   3362 |   1709 |   9578 |  15 | 1185.0 |
        Temple |     40 |     28 |     12 |      0 |     22 |   1 |   40.0 |
          Lair |   8741 |   7479 |   1262 |   2082 |   3652 |   5 | 1748.2 |
        Shoals |   3808 |   3641 |    167 |    186 |   2399 |   4 |  952.0 |
     Snake Pit |   4950 |   4732 |    218 |    865 |   2393 |   4 | 1237.5 |
    Slime Pits |   1196 |    987 |    209 |    291 |     40 |   5 |  239.2 |
  Orcish Mines |   1906 |   1345 |    561 |      0 |    996 |   2 |  953.0 |
   Elven Halls |   5744 |   5413 |    331 |   1007 |   3410 |   3 | 1914.7 |
        Vaults |   8464 |   7623 |    841 |    583 |   4743 |   5 | 1692.8 |
         Crypt |    210 |    188 |     22 |     70 |     76 |   1 |  210.0 |
        Depths |   6641 |   5440 |   1201 |    816 |   2965 |   4 | 1660.2 |
          Hell |      1 |      1 |      0 |      0 |      0 |   1 |    1.0 |
           Zot |   7453 |   6909 |    544 |   1962 |   3113 |   5 | 1490.6 |
      Ice Cave |    298 |    298 |      0 |     42 |    114 |   1 |  298.0 |
        Wizlab |    543 |    543 |      0 |    118 |    184 |   1 |  543.0 |
      Gauntlet |    223 |    223 |      0 |      0 |    114 |   1 |  223.0 |
               +--------+--------+--------+--------+--------+-----+--------+

Top non-repeatable levels by time:
   Elf:3: 3855 daAuts
   Zot:1: 2761 daAuts
  Lair:5: 2378 daAuts
    D:13: 2320 daAuts
Depths:2: 2246 daAuts
  Lair:1: 2243 daAuts
Vaults:1: 2185 daAuts
     D:5: 1967 daAuts
Vaults:5: 1791 daAuts
Depths:1: 1760 daAuts
Depths:3: 1754 daAuts
  Lair:4: 1687 daAuts
 Snake:4: 1660 daAuts
     D:6: 1634 daAuts
Vaults:2: 1595 daAuts
